Map: Ruins of Seras

Players

Pseudorandom

deth - Winner!

  • Race: Terran Terran

VOD

Have the link to the VOD?

Description

Time

  • Played on: March 31, 2015, 10:18 p.m.
  • Length: 6:33
Show
View Real Time Build Order
Export as new Build Order

Pseudorandom Zerg 

Build Orders: Pool First 

Get SALT Encoding   

  12  0:01  Drone  
  13  0:08  Drone  
  14  0:17  Extractor  
  14  0:18  Drone  
  14  0:33  Spawning Pool  
  13  0:38  Drone  
  14  0:44  Overlord  
  14  1:05  Drone x3  
  17  1:19  Queen  
  17  1:22  Metabolic Boost  
  19  1:30  Zergling x4  
  21  1:42  Overlord  
  21  1:50  Drone  
  22  2:03  Hatchery  
  21  2:10  Drone x2  
  23  2:27  Drone  
  23  2:28  Drone x4  
  28  2:36  Overlord  
  28  2:40  Extractor  
  27  2:51  Queen  
  29  2:55  Zergling x4  
  32  3:11  Zergling x8  
  35  3:15  Drone  
  36  3:22  Drone  
  37  3:30  Overlord  
  37  3:33  Lair  
  38  3:34  Drone x4  
  38  3:40  Drone x2  
  43  3:45  Overlord  
  42  3:55  Drone  
  40  4:00  Zergling x6  
  40  4:06  Extractor  
  40  4:08  Zergling x6  
  42  4:13  Zergling x2  
  43  4:21  Zergling x4  
  45  4:26  Spine Crawler  
  45  4:27  Spine Crawler  
  45  4:29  Zergling x2  
  44  4:32  Zergling x2  
  42  4:40  Zergling x16  
  42  4:44  Zergling x2  
  46  4:49  Zergling x2  
  33  5:06  Zergling x4  
  33  5:07  Zergling x2  
  29  5:12  Zergling x2  
  26  5:18  Zergling x2  
  26  5:19  Hydralisk Den  
  26  5:20  Extractor  
  23  5:21  Spore Crawler  
  23  5:22  Zergling x2  
  23  5:27  Zergling x2  
  24  5:34  Zergling x2  
  25  5:39  Zergling x2  
  25  5:42  Zergling x2  
  23  5:49  Zergling x8  
  27  5:54  Hydralisk  
Show
View Real Time Build Order
Export as new Build Order

deth Terran - Winner!

Build Orders: Cyclone Opening 

Get SALT Encoding   

  12  0:01  SCV  
  13  0:15  Supply Depot  
  13  0:18  SCV  
  14  0:27  Refinery  
  14  0:30  SCV  
  15  0:43  Barracks  
  15  0:47  SCV  
  16  0:59  SCV  
  17  1:07  Refinery  
  18  1:11  SCV  
  18  1:23  SCV  
  19  1:31  Reaper  
  20  1:36  Orbital Command  
  20  1:40  Factory  
  20  1:47  Supply Depot  
  20  2:02  SCV  
  21  2:08  Barracks Tech Lab  
  21  2:14  SCV  
  22  2:15  Factory  
  22  2:26  SCV  
  23  2:33  Cyclone  
  26  2:38  SCV  
  26  2:39  Supply Depot  
  27  2:52  SCV, Barracks Tech Lab  
  28  3:04  SCV  
  29  3:06  Cyclone  
  32  3:22  SCV  
  32  3:25  Command Center  
  33  3:30  Cyclone  
  36  3:34  SCV  
  36  3:39  Supply Depot  
  37  3:42  Hellion  
  39  4:00  SCV  
  40  4:07  Cyclone  
  40  4:08  Hellion  
  45  4:22  SCV  
  46  4:29  Armory  
  46  4:37  Hellion  
  47  4:39  SCV, Hellion  
  47  4:45  Orbital Command  
  44  5:01  SCV  
  44  5:06  Cyclone  
  42  5:11  Orbital Command  
  42  5:13  SCV  
  37  5:25  SCV  
  37  5:27  Refinery  
  38  5:31  Refinery  
  40  5:36  Hellion  
  40  5:37  SCV  
  40  5:39  Hellion  
  40  5:49  SCV  
  41  5:50  SCV  
  41  5:57  Cyclone  
  45  6:00  Hellion  
  45  6:01  SCV  
  48  6:05  SCV  
  42  6:17  SCV  
  42  6:18  SCV  
  44  6:24  Supply Depot  
Tags
 
Add a new tag
Caveats
  • Supply blocks, unpowered buildings, or Contaminate may cause inaccurate times.
  • Supply counts are checked every 10 seconds.